 Dungeon Crawl Stone Soup version 0.17-a0-2198-g482c6e3 (webtiles) character file.

25265 Ordine the Brawler (level 12, -10/126 HPs)
             Began as a Troll Monk on Oct 26, 2015.
             Splashed by an acid blob's acid (15 damage)
             ... on level 1 of the Pits of Slime.
             The game lasted 00:48:26 (11715 turns).

Ordine the Brawler (Troll Monk)                    Turns: 11715, Time: 00:48:26

Health: -10/126    AC:  9    Str: 24    XL:     12   Next: 88%
Magic:  16/20      EV: 16    Int:  6    God:
Gold:   497        SH:  0    Dex: 16    Spells: 0 memorised, 11 levels left

rFire  x . .     SeeInvis +       - Unarmed
rCold  . . .     Clarity  +     a - +1 robe
rNeg   . . .     SustAt   .     (no shield)
rPois  .         Gourm    +     (helmet restricted)
rElec  .         Spirit   .     M - +3 cloak of Serendipity {rF- MP+9 Slay+6 SInv}
rCorr  .         Warding  .     (gloves unavailable)
rMut   .         Stasis   .     (boots unavailable)
MR     .....                    y - amulet of clarity
Stlth  +.........               J - +5 ring of evasion
                                i - +3 ring of protection

@: corroded equipment, not resistant to hostile enchantments, very unstealthy
A: unfitting armour, claws 3, iridescent scales 1, fast metabolism 3, gourmand,
regeneration 2, shaggy fur 1, strong 1, tough skin 2
a: no special abilities


You were on level 1 of the Pits of Slime.
You were full.

You visited 4 branches of the dungeon, and saw 20 of its levels.
You also visited: Labyrinth.

You collected 942 gold pieces.
You spent 445 gold pieces at shops.

Inventory:

Missiles
 l - 9 tomahawks (quivered)
 m - 6 silver javelins
 n - 4 tomahawks of returning
 s - 24 poisoned needles
Armour
 a - a +1 robe (worn)
 M - the +3 cloak of Serendipity (worn) {rF- MP+9 Slay+6 SInv}
   (You acquired it in a labyrinth)

   It affects your accuracy and damage with ranged weapons and melee attacks
   (+6).
   It makes you vulnerable to fire.
   It affects your magic capacity (+9).
   It lets you see invisible.
Jewellery
 i - a +3 ring of protection (left claw)
 q - an uncursed ring of see invisible
 y - an amulet of clarity (around neck)
 J - a +5 ring of evasion (right claw)
Wands
 r - a wand of disintegration (9)
 F - a wand of lightning (6)
 L - a wand of paralysis (15)
 N - a wand of cold (8)
 O - a wand of digging (6)
Scrolls
 f - 10 scrolls of remove curse
 g - a scroll of fog
 j - 2 scrolls of blinking
 p - 3 scrolls of immolation
 z - 3 scrolls of enchant armour
 B - a scroll of amnesia
 D - a scroll of fear
 E - 3 scrolls of teleportation
Potions
 d - a potion of haste
 e - a potion of might
 o - a potion of cancellation
 t - 2 potions of flight
 u - 2 potions of curing
 C - a potion of agility
Books
 v - a Fen Folio

   Spells                             Type                      Level
   a - Corpse Rot                     Necromancy                   2
   b - Stone Arrow                    Conjuration/Earth            3
   c - Leda's Liquefaction            Hexes/Earth                  4
   d - Summon Forest                  Summoning/Translocation      5
   e - Hydra Form                     Transmutation                6
   f - Summon Hydra                   Summoning                    7
 w - a book of the Earth

   Spells                             Type                      Level
   a - Leda's Liquefaction            Hexes/Earth                  4
   b - Bolt of Magma                  Conjuration/Fire/Earth       5
   c - Statue Form                    Transmutation/Earth          6
   d - Iron Shot                      Conjuration/Earth            6
   e - Shatter                        Earth                        9
 A - a book of Spatial Translocations

   Spells                             Type                      Level
   a - Apportation                    Translocation                1
   b - Blink                          Translocation                2
   c - Shroud of Golubria             Charms/Translocation         2
   d - Portal Projectile              Translocation                3
   e - Teleport Other                 Translocation                3
   f - Passage of Golubria            Translocation                4
 H - a book of Beasts

   Spells                             Type                      Level
   a - Summon Butterflies             Summoning                    1
   b - Call Canine Familiar           Summoning                    3
   c - Summon Ice Beast               Ice/Summoning                4
   d - Summon Mana Viper              Hexes/Summoning              5
   e - Summon Hydra                   Summoning                    7
Comestibles
 b - 6 bread rations
 c - 4 meat rations
 k - 26 fruits


   Skills:
 + Level 9.7 Fighting
 + Level 9.6 Dodging
 - Level 1.1 Stealth
 * Level 15.3 Unarmed Combat


You had 11 spell levels left.
You didn't know any spells.

Dungeon Overview and Level Annotations

Branches:
Dungeon (9/15)             Temple (1/1) D:7            Lair (8/8) D:9
  Swamp (0/4) Lair:4        Snake (0/4) Lair:5        Slime (2/6) Lair:8
    Orc: D:9-12

Altars:
Ashenzari
Cheibriados
Dithmenos
Elyvilon
Fedhas
Gozag
Kikubaaqudgha
Makhleb
Nemelex Xobeh
Okawaru
Qazlal
Ru
Sif Muna
Trog
Vehumet
Xom
Yredelemnul
Zin
The Shining One

Shops:
D:7 ?   D:8 *

Annotations:
Lair:4 Sonja


Innate Abilities, Weirdness & Mutations

You are too large for most types of armour.
You have claws for hands.
Your metabolism is lightning-fast.
You like to eat raw meat.
You heal very quickly.
You are covered in fur (AC +1).
You have very tough skin (AC +2).
You are partially covered in iridescent scales (AC +4).
Your muscles are strong. (Str +2)


Message History

There is a stone staircase leading down here.
You eviscerate the slime creature!!!
The slime creature is severely wounded.
The acid blob spits acid at you. The splash of acid hits you!
* * * LOW HITPOINT WARNING * * *
The acid burns!
* * * LOW HITPOINT WARNING * * *
The slime creature completely misses you.
The slime creature hits you!
* * * LOW HITPOINT WARNING * * *
Unknown command.
The acid blob spits acid at you. The splash of acid misses you.
The slime creature closely misses you.
There is a staircase back to the Lair, spattered with blood here.
The acid blob spits acid at you. The splash of acid hits you!
* * * LOW HITPOINT WARNING * * *
The acid corrodes you!
The acid burns!
You die...

### ##############.##
.#.#.#.#..##....######
..............>J..#..##
...............J@.....#
......................#
.......#...........#.##
...............>....###
...#................#.# #
...................#J.###.#
#.......#..................
.#........................#
#####...#.............#.###


You could see an acid blob and 2 slime creatures.

Vanquished Creatures
  A minotaur (Lab)
  The ghost of Frontstab the Covert, a journeyman OpBe of Trog (D:9)
  5 death yaks
  The ghost of Rationalist the Ducker, a novice DsBe of Trog (D:8)
  An unseen horror (D:9)
  3 griffons (Lair:8)
  An eye of devastation (Slime:1)
  A black mamba (Lair:8)
  A spiny frog (Lair:8)
  4 gargoyles (Lab)
  2 komodo dragons
  The ghost of chimenez the Basher, an amateur OgFi (D:4)
  A spriggan druid (Lair:8)
  4 polar bears (Lair:8)
  13 slime creatures
  A boulder beetle (Lair:8)
  7 blink frogs (Lair:8)
  7 spriggans (Lair:8)
  4 redbacks (Lair:8)
  A wyvern (D:8)
  2 hippogriffs
  2 hungry ghosts
  18 wolves (Lair:8)
  A naga (Lair:5)
  5 water moccasins
  Duvessa (D:6)
  A sky beast (D:5)
  2 orc warriors
  A swamp drake (Lair:4)
  A phantom (D:8)
  4 black bears
  6 wasps
  3 centaurs
  A brain worm (Lair:8)
  4 ogres
  9 crocodiles
  Blork the orc (D:4)
  A giant frog (D:9)
  An earth elemental (Lab)
  A gnoll sergeant (D:9)
  Dowan (D:6)
  A big kobold (D:9)
  9 wights
  5 killer bees (D:8)
  9 electric eels
  2 crimson imps
  A quasit (D:5)
  2 giant frog zombies
  An orc priest (D:8)
  2 giant frog skeletons
  8 jellies
  Ijyb (D:2)
  7 hounds
  An iguana (D:4)
  6 worker ants
  Terence (D:3)
  6 orc wizards
  A sheep (D:9)
  A hound zombie (D:7)
  6 adders
  5 gnolls (D:9)
  A shadow imp (D:5)
  2 adder zombies
  30 orcs
  4 hobgoblins
  9 jackals
  2 kobolds
  2 quokkas
  A ball python skeleton (D:3)
  11 bats
  4 giant cockroaches
  6 giant geckos
  7 giant newts
  7 goblins
  5 rats
  2 plants
294 creatures vanquished.

Vanquished Creatures (others)
  A fungus (Lair:8)
1 creature vanquished.

Grand Total: 295 creatures vanquished

Notes
Turn   | Place    | Note
--------------------------------------------------------------
     0 | D:1      | Ordine the Troll Monk began the quest for the Orb.
     0 | D:1      | Reached XP level 1. HP: 22/22 MP: 0/0
   231 | D:1      | Reached XP level 2. HP: 29/29 MP: 1/1
   846 | D:2      | Found a sacrificial altar of Ru.
   913 | D:2      | Reached XP level 3. HP: 34/36 MP: 2/2
  1098 | D:2      | Noticed Ijyb
  1123 | D:2      | Killed Ijyb
  1331 | D:2      | Found a faded altar to an unknown god.
  1424 | D:2      | Reached XP level 4. HP: 44/44 MP: 3/3
  1823 | D:3      | Noticed Terence
  1843 | D:3      | Killed Terence
  1843 | D:3      | Reached skill level 5 in Unarmed Combat
  2015 | D:3      | Found a basalt altar of Yredelemnul.
  2018 | D:3      | Found a shimmering altar of Xom.
  2021 | D:3      | Found a sparkling altar of Nemelex Xobeh.
  2217 | D:4      | Reached XP level 5. HP: 51/53 MP: 4/4
  2289 | D:4      | Found a stormy altar of Qazlal.
  2424 | D:4      | Noticed Blork the orc
  2433 | D:4      | Killed Blork the orc
  2538 | D:4      | Reached XP level 6. HP: 51/61 MP: 5/5
  2674 | D:4      | Noticed chimenez's ghost (amateur OgFi)
  2679 | D:4      | Gained mutation: Your muscles are strong. (Str +2) [potion of beneficial mutation]
  2683 | D:4      | Killed chimenez's ghost
  2683 | D:4      | Reached skill level 6 in Unarmed Combat
  2683 | D:4      | Reached XP level 7. HP: 27/68 MP: 6/6
  2684 | D:4      | Gained mutation: You are partially covered in iridescent scales (AC +4). [potion of beneficial mutation]
  3223 | D:5      | Entered Level 5 of the Dungeon
  3428 | D:5      | Reached skill level 7 in Unarmed Combat
  3911 | D:5      | Found a glowing golden altar of the Shining One.
  4191 | D:6      | Noticed Dowan
  4243 | D:6      | Noticed Duvessa
  4249 | D:6      | Killed Duvessa
  4249 | D:6      | Reached XP level 8. HP: 72/79 MP: 7/7
  4264 | D:6      | Killed Dowan
  4701 | D:7      | Found Edwusen's Magic Scroll Boutique.
  4706 | D:7      | Bought a scroll of identify for 26 gold pieces
  4706 | D:7      | Bought a scroll of amnesia for 45 gold pieces
  4706 | D:7      | Bought a scroll of torment for 97 gold pieces
  4706 | D:7      | Bought a scroll of identify for 26 gold pieces
  4706 | D:7      | Bought a scroll of identify for 26 gold pieces
  4706 | D:7      | Bought a scroll of identify for 26 gold pieces
  4706 | D:7      | Bought a scroll of identify for 26 gold pieces
  4706 | D:7      | Bought a scroll of fear for 45 gold pieces
  4706 | D:7      | Bought a scroll of random uselessness for 13 gold pieces
  4729 | D:7      | Found a staircase to the Ecumenical Temple.
  4756 | D:7      | Reached skill level 8 in Unarmed Combat
  4790 | D:7      | Reached skill level 5 in Fighting
  4804 | Temple   | Entered the Ecumenical Temple
  5047 | D:7      | Reached skill level 5 in Dodging
  5274 | D:7      | Reached skill level 9 in Unarmed Combat
  5421 | D:7      | Got a faintly glowing dagger
  5422 | D:7      | Identified the +4 dagger "Emmevyj" {drain, Int+4 Dex+6} (You found it on level 7 of the Dungeon)
  5778 | D:8      | Reached XP level 9. HP: 82/88 MP: 8/8
  5795 | D:8      | Found Edigyet's General Store.
  6190 | D:8      | Bought a scroll of blinking for 82 gold pieces
  6190 | D:8      | Bought a potion of curing for 33 gold pieces
  6207 | D:8      | HP: 4/88 [electric eel/bolt of electricity (16)]
  6354 | D:8      | Noticed Rationalist's ghost (novice DsBe)
  6373 | D:8      | Killed Rationalist's ghost
  6373 | D:8      | Reached skill level 10 in Unarmed Combat
  6962 | D:8      | Found a snail-covered altar of Cheibriados.
  7081 | D:9      | Reached XP level 10. HP: 100/100 MP: 9/9
  7128 | D:9      | Found a shadowy altar of Dithmenos.
  7203 | D:9      | Reached skill level 11 in Unarmed Combat
  7327 | D:9      | Noticed Frontstab's ghost (journeyman OpBe)
  7341 | D:9      | Killed Frontstab's ghost
  7434 | D:9      | Noticed an unseen horror
  7444 | D:9      | Killed an unseen horror
  7602 | D:9      | Found a staircase to the Lair.
  7777 | D:9      | Paralysed by a wasp for 2 turns
  8031 | Lair:1   | Entered Level 1 of the Lair of Beasts
  8318 | Lair:4   | Found a staircase to the Swamp.
  8377 | Lair:4   | Found a labyrinth entrance.
  8390 | Lair:4   | Reached skill level 12 in Unarmed Combat
  8405 | Lab      | Entered a labyrinth
  8550 | Lab      | Reached XP level 11. HP: 84/109 MP: 10/10
  8637 | Lab      | Noticed a minotaur
  8645 | Lab      | Killed a minotaur
  8663 | Lab      | Identified a scroll of acquirement
  8666 | Lab      | Got a shimmering cloak
  8679 | Lab      | Identified the +3 cloak of Serendipity {rF- MP+9 Slay+6 SInv} (You acquired it in a labyrinth)
  8686 | Lair:4   | Noticed Sonja
  8742 | Lair:5   | Found a staircase to the Snake Pit.
  8855 | Lair:8   | Entered Level 8 of the Lair of Beasts
  8986 | Lair:8   | Reached skill level 13 in Unarmed Combat
  9279 | Lair:8   | Noticed a spriggan rider
  9303 | Lair:8   | Killed a wasp
  9305 | Lair:8   | Killed a spriggan
  9523 | Lair:8   | Noticed a spriggan rider
  9533 | Lair:8   | Killed a spriggan
  9535 | Lair:8   | Killed a wasp
  9535 | Lair:8   | Reached skill level 14 in Unarmed Combat
  9535 | Lair:8   | Reached XP level 12. HP: 76/122 MP: 11/11
  9737 | Lair:8   | Noticed a spriggan rider
  9748 | Lair:8   | Killed a spriggan
  9755 | Lair:8   | Killed a wasp
 10227 | Lair:8   | Noticed a death yak
 10236 | Lair:8   | Noticed a death yak
 10238 | Lair:8   | Noticed a death yak
 10277 | Lair:7   | Killed a death yak
 10340 | Lair:8   | Killed a death yak
 10431 | Lair:8   | Found a staircase to the Slime Pits.
 10460 | Slime:1  | Entered Level 1 of the Pits of Slime
 11106 | Lair:8   | Noticed a death yak
 11106 | Lair:8   | Noticed a death yak
 11136 | Lair:7   | Killed a death yak
 11136 | Lair:7   | Reached skill level 15 in Unarmed Combat
 11163 | Lair:8   | Killed a death yak
 11168 | Lair:8   | Killed a death yak
 11618 | Slime:1  | Noticed an acid blob
 11707 | Slime:2  | Noticed an acid blob
 11715 | Slime:1  | HP: 5/126 [acid blob/splash of acid (12)]
 11715 | Slime:1  | Splashed by an acid blob's acid

Vault maps used:
D:1:      dpeg_arrival_arbitrary_b
D:2:      nicolae_ru_path_of_blood, ecumenical_altar_2,
          kennysheep_generic_room_6, uniq_iyjb
D:3:      grunt_temple_overflow_diamond, first_bread, uniq_terence
D:4:      nicolae_overflow_crystal_walls, corexii_checkpoint_a, minivault_27,
          hangedman_decor_slide_cut, uniq_blork_the_orc
D:5:      tso_altar, kennysheep_generic_room_10
D:6:      uniq_duvessa
D:7:      minmay_temple_entry_grid, serial_shops, shop_fountains
D:8:      lemuel_coloured_pillars_altar, enter_bailey_2, serial_shops, shop,
          kennysheep_boxes
D:9:      dpeg_lair_monsters, blue_anna_alchemist, stair_cage_line,
          grunt_dithmenos_smoke
Temple:   eino_temple_water_12
Lair:1:   grunt_forest_large_clearings, lemuel_fruit_tree, grunt_megastairs_3,
          serial_bayou_shore_a
Lair:2:   beast_lair_carwin_9
Lair:3:   uniq_snorg
Lair:4:   minmay_swamp_entry_reptiles, lab_entry_generic, uniq_sonja
Lair:5:   guppyfry_snake_entry_island, nicolae_quartered_pool_medium
Lair:7:   minivault_25, minmay_lair_drake_nest, uniq_kirke
Lair:8:   minmay_lair_end_enchanted_forest, dpeg_slime_entry_corner,
          minivault_25, serial_bayou_lake_a
Slime:1:  nicolae_slime_barrier
Lab:      labyrinth_spiral, labyrinth_skeletal_remains, nicolae_lab_stuck,
          nicolae_lab_quarters, nicolae_lab_flowing_pool, nicolae_lab_starburst,
          nicolae_lab_big_swirl, nicolae_lab_very_dead_end

Action                   |  1- 3 |  4- 6 |  7- 9 | 10-12 || total
-------------------------+-------+-------+-------+-------++-------
Melee: Unarmed           |    80 |    88 |   334 |   514 ||  1016
Throw: Tomahawk          |       |       |    12 |       ||    12
       Throwing net      |       |       |       |     2 ||     2
Evoke: Wand              |       |     2 |     2 |     6 ||    10
  Use: Scroll            |     5 |     4 |    12 |     8 ||    29
       Potion            |       |     2 |     7 |     8 ||    17
 Stab: Sleeping          |     2 |     3 |     1 |     5 ||    11
       Distracted        |       |       |     1 |       ||     1
       Confused          |       |       |       |     1 ||     1
       Held in net/web   |       |       |       |     1 ||     1
  Eat: Chunk             |    17 |    12 |    38 |    41 ||   108
       Meat ration       |       |       |       |     1 ||     1
       Beef jerky        |       |       |       |     1 ||     1
